[ AOE2 MATCH · #507113933 ]
UnrankedCelts vs Vietnamese
Player's team · LOSS
[ REPLAY ANALYSIS · EXTRACTED FROM THE RECORDED GAME ]
Feudal
12:31
Castle
19:21
Imperial
—
| APM avg | 38.8 |
| APM peak | 87 |
| eAPM avg | 20.2 |
| Villagers / military | 38 / 20 |
Focus
⚔️ 21.3% · 🌾 78.7%
Battering Ram ×9 · Militia ×5 · Scorpion ×3 · Spearman ×3
Feudal
10:09
Castle
16:23
Imperial
—
| APM avg | 73.3 |
| APM peak | 116 |
| eAPM avg | 32.6 |
| Villagers / military | 38 / 24 |
Focus
⚔️ 40.4% · 🌾 59.6%
Rattan Archer ×21 · Mangonel ×3
Match map
Initial resources + every placement click. Lines = walls · curves = elevation contours. ◆ gold · ⬟ stone · ● berries · ✦ relic · ◌ wall gap
Your base· Open — 6t gap
Clint Southwood's base· Open — 9t gap
Smoothed initial terrain · ◌ = detected wall gap · hover for details
Inputs per minute
— BarddoK - - Clint Southwood
Build order — BarddoK
119 actions detected in the replay
| 0:01 | Build | House |
| 0:02 | Build | House |
| 0:02 | Queue | Villager (Male) |
| 0:03 | Queue | Villager (Male) |
| 0:06 | Queue | Villager (Male) |
| 0:06 | Queue | Villager (Male) |
| 1:29 | Queue | Villager (Male) |
| 1:29 | Queue | Villager (Male) |
| 1:59 | Queue | Villager (Male) |
| 2:10 | Research | Loom |
| 2:58 | Build | Lumber Camp |
| 3:01 | Queue | Villager (Male) |
| 3:01 | Queue | Villager (Male) |
| 3:01 | Queue | Villager (Male) |
| 3:32 | Build | House |
| 3:50 | Queue | Villager (Male) |
| 3:51 | Queue | Villager (Male) |
| 4:18 | Queue | Villager (Male) |
| 5:03 | Queue | Villager (Male) |
| 5:40 | Queue | Villager (Male) |
| 6:10 | Build | Barracks |
| 6:12 | Queue | Villager (Male) |
| 6:22 | Queue | Villager (Male) |
| 6:52 | Queue | Militia |
| 6:52 | Queue | Militia |
| 6:53 | Queue | Militia |
| 6:55 | Build | House |
| 7:03 | Queue | Villager (Male) |
| 7:18 | Build | House |
| 7:33 | Queue | Villager (Male) |
| 7:55 | Build | Mill |
| 8:14 | Queue | Villager (Male) |
| 8:15 | Queue | Villager (Male) |
| 8:34 | Build | Farm |
| 8:37 | Queue | Villager (Male) |
| 8:45 | Build | House |
| 8:47 | Build | House |
| 9:00 | Build | Farm |
| 9:23 | Build | House |
| 9:31 | Queue | Villager (Male) |
| 9:37 | Queue | Villager (Male) |
| 9:42 | Build | Mining Camp |
| 10:06 | Research | Feudal Age |
| 10:28 | Build | House |
| 10:29 | Build | Palisade Wall |
| 10:36 | Build | House |
| 10:37 | Build | House |
| 10:38 | Build | House |
| 10:40 | Build | Palisade Wall |
| 11:24 | Build | Farm |
| 11:27 | Build | Farm |
| 12:06 | Build | Farm |
| 12:29 | Queue | Villager (Male) |
| 12:31 | Age | Feudal Age |
| 12:35 | Build | Blacksmith |
| 12:54 | Research | Double-Bit Axe |
| 12:55 | Queue | Villager (Male) |
| 13:00 | Research | Man-at-Arms (upgrade) |
| 13:05 | Queue | Villager (Male) |
| 13:17 | Build | Stone Wall |
| 13:21 | Queue | Villager (Male) |
| 13:25 | Queue | Villager (Male) |
| 13:50 | Queue | Villager (Male) |
| 13:56 | Build | Market |
| 14:32 | Research | Horse Collar |
| 14:56 | Queue | Spearman |
| 15:10 | Build | Farm |
| 15:10 | Build | Farm |
| 15:13 | Build | Farm |
| 15:31 | Build | Farm |
| 16:41 | Research | Castle Age |
| 17:09 | Build | Farm |
| 17:12 | Build | Farm |
| 17:18 | Research | Forging |
| 17:34 | Queue | Militia |
| 19:21 | Age | Castle Age |
| 19:25 | Build | Siege Workshop |
| 19:28 | Build | Siege Workshop |
| 19:57 | Queue | Battering Ram |
| 19:57 | Queue | Battering Ram |
| 20:06 | Research | Wheelbarrow |
| 20:14 | Build | Town Center |
| 21:05 | Queue | Militia |
| 21:38 | Queue | Battering Ram |
| 21:38 | Queue | Battering Ram |
| 22:07 | Queue | Scorpion |
| 22:48 | Build | Farm |
| 22:48 | Build | Farm |
| 22:57 | Build | Mill |
| 23:29 | Queue | Scorpion |
| 23:41 | Build | Lumber Camp |
| 23:46 | Research | Town Watch |
| 24:07 | Build | Farm |
| 24:07 | Build | Farm |
| 24:08 | Build | Farm |
| 24:08 | Build | Farm |
| 24:08 | Build | Farm |
| 24:08 | Build | Farm |
| 25:01 | Build | Farm |
| 25:02 | Build | Farm |
| 25:23 | Queue | Battering Ram |
| 25:23 | Queue | Battering Ram |
| 25:33 | Build | Mining Camp |
| 26:11 | Queue | Scorpion |
| 26:32 | Build | Farm |
| 26:32 | Build | Farm |
| 26:34 | Queue | Villager (Male) |
| 26:34 | Queue | Villager (Male) |
| 26:35 | Queue | Villager (Male) |
| 27:03 | Queue | Villager (Male) |
| 27:03 | Queue | Villager (Male) |
| 27:19 | Queue | Battering Ram |
| 27:26 | Queue | Villager (Male) |
| 27:50 | Queue | Spearman |
| 27:50 | Queue | Spearman |
| 30:22 | Queue | Battering Ram |
| 30:22 | Queue | Battering Ram |
| 30:34 | Queue | Villager (Male) |
| 30:34 | Queue | Villager (Male) |
Build order — Clint Southwood
121 actions detected in the replay
| 0:00 | Queue | Villager (Male) |
| 0:01 | Queue | Villager (Male) |
| 0:02 | Build | House |
| 0:04 | Build | House |
| 0:04 | Queue | Villager (Male) |
| 0:10 | Queue | Villager (Male) |
| 0:11 | Queue | Villager (Male) |
| 1:24 | Queue | Villager (Male) |
| 1:59 | Queue | Villager (Male) |
| 2:10 | Build | Lumber Camp |
| 2:24 | Queue | Villager (Male) |
| 2:38 | Queue | Villager (Male) |
| 3:19 | Queue | Villager (Male) |
| 3:19 | Queue | Villager (Male) |
| 3:20 | Queue | Villager (Male) |
| 3:29 | Queue | Villager (Male) |
| 3:59 | Build | House |
| 4:01 | Build | House |
| 4:09 | Queue | Villager (Male) |
| 4:43 | Build | Palisade Wall |
| 4:53 | Queue | Villager (Male) |
| 4:54 | Queue | Villager (Male) |
| 5:17 | Build | Mill |
| 5:36 | Queue | Villager (Male) |
| 5:37 | Queue | Villager (Male) |
| 5:40 | Queue | Villager (Male) |
| 6:21 | Build | Palisade Wall |
| 6:44 | Build | Mining Camp |
| 7:02 | Queue | Villager (Male) |
| 7:06 | Research | Loom |
| 7:06 | Research | Loom |
| 7:09 | Queue | Villager (Male) |
| 7:21 | Build | House |
| 7:59 | Research | Feudal Age |
| 8:00 | Research | Feudal Age |
| 8:13 | Build | Palisade Wall |
| 8:13 | Build | Palisade Wall |
| 8:17 | Build | Palisade Wall |
| 8:18 | Build | Palisade Wall |
| 8:20 | Build | Palisade Wall |
| 9:05 | Build | Palisade Wall |
| 9:13 | Queue | Villager (Male) |
| 9:14 | Queue | Villager (Male) |
| 9:43 | Build | Palisade Wall |
| 9:46 | Build | Palisade Wall |
| 9:47 | Build | Palisade Wall |
| 10:09 | Build | House |
| 10:09 | Age | Feudal Age |
| 10:12 | Build | House |
| 10:35 | Build | Farm |
| 10:36 | Build | Farm |
| 10:53 | Queue | Villager (Male) |
| 10:53 | Research | Town Watch |
| 10:58 | Build | Market |
| 11:05 | Build | Blacksmith |
| 11:35 | Build | Mining Camp |
| 11:57 | Build | Palisade Gate |
| 12:08 | Build | Palisade Gate |
| 12:30 | Queue | Villager (Male) |
| 12:33 | Build | Farm |
| 12:33 | Build | Farm |
| 12:44 | Build | Farm |
| 13:12 | Queue | Villager (Male) |
| 13:43 | Research | Castle Age |
| 13:51 | Build | Palisade Wall |
| 16:23 | Age | Castle Age |
| 16:44 | Build | Castle |
| 16:46 | Research | Fletching |
| 16:46 | Research | Fletching |
| 16:50 | Queue | Villager (Male) |
| 17:36 | Build | Palisade Gate |
| 17:40 | Build | Palisade Gate |
| 17:47 | Build | House |
| 18:04 | Build | House |
| 18:48 | Queue | Rattan Archer |
| 18:49 | Queue | Rattan Archer |
| 19:04 | Queue | Rattan Archer |
| 19:17 | Queue | Rattan Archer |
| 20:05 | Build | Mining Camp |
| 20:13 | Queue | Villager (Male) |
| 20:14 | Queue | Villager (Male) |
| 20:29 | Queue | Rattan Archer |
| 20:45 | Queue | Rattan Archer |
| 20:45 | Queue | Rattan Archer |
| 20:46 | Queue | Rattan Archer |
| 20:53 | Queue | Rattan Archer |
| 20:53 | Queue | Rattan Archer |
| 21:19 | Queue | Villager (Male) |
| 21:41 | Queue | Rattan Archer |
| 21:41 | Queue | Rattan Archer |
| 22:44 | Queue | Rattan Archer |
| 22:45 | Queue | Rattan Archer |
| 23:14 | Queue | Rattan Archer |
| 23:21 | Queue | Villager (Male) |
| 23:47 | Build | Siege Workshop |
| 23:52 | Queue | Villager (Male) |
| 24:09 | Queue | Rattan Archer |
| 24:09 | Queue | Rattan Archer |
| 24:51 | Queue | Mangonel |
| 25:50 | Queue | Rattan Archer |
| 25:50 | Queue | Rattan Archer |
| 25:53 | Queue | Villager (Male) |
| 26:35 | Queue | Mangonel |
| 26:51 | Queue | Rattan Archer |
| 26:51 | Queue | Rattan Archer |
| 27:30 | Queue | Villager (Male) |
| 27:32 | Build | Farm |
| 27:33 | Build | Farm |
| 27:33 | Build | Farm |
| 28:03 | Research | Horse Collar |
| 28:06 | Queue | Villager (Male) |
| 28:30 | Build | Farm |
| 28:30 | Build | Farm |
| 29:21 | Queue | Mangonel |
| 29:25 | Queue | Villager (Male) |
| 29:28 | Queue | Villager (Male) |
| 30:35 | Queue | Villager (Male) |
| 30:37 | Build | Farm |
| 30:38 | Build | Farm |
| 30:38 | Build | Farm |
| 30:44 | Research | Double-Bit Axe |
Match timeline
| 4:43 | Clint Southwood · wall_segment Palisade Wall x5 |
| 6:10 | BarddoK · first_building Barracks |
| 6:21 | Clint Southwood · wall_segment Palisade Wall x5 |
| 8:13 | Clint Southwood · wall_segment Palisade Wall x1 |
| 8:13 | Clint Southwood · wall_segment Palisade Wall x1 |
| 8:17 | Clint Southwood · wall_segment Palisade Wall x1 |
| 8:18 | Clint Southwood · wall_segment Palisade Wall x1 |
| 8:20 | Clint Southwood · wall_segment Palisade Wall x1 |
| 9:05 | Clint Southwood · wall_segment Palisade Wall x1 |
| 9:43 | Clint Southwood · wall_segment Palisade Wall x1 |
| 9:46 | Clint Southwood · wall_segment Palisade Wall x1 |
| 9:47 | Clint Southwood · wall_segment Palisade Wall x1 |
| 10:09 | Clint Southwood · age_up feudal |
| 10:29 | BarddoK · wall_segment Palisade Wall x3 |
| 10:40 | BarddoK · wall_segment Palisade Wall x3 |
| 12:16 | Clint Southwood · first_market_sell 100 stone |
| 12:28 | Clint Southwood · first_market_buy 100 food |
| 12:31 | BarddoK · age_up feudal |
| 13:17 | BarddoK · wall_segment Stone Wall x11 |
| 13:51 | Clint Southwood · wall_segment Palisade Wall x1 |
| 15:35 | BarddoK · first_market_buy 100 food |
| 16:23 | BarddoK · first_market_sell 100 wood |
| 16:23 | Clint Southwood · age_up castle |
| 16:44 | Clint Southwood · first_building Castle |
| 19:21 | BarddoK · age_up castle |
| 19:25 | BarddoK · first_building Siege Workshop |
| 23:47 | Clint Southwood · first_building Siege Workshop |
| 30:47 | BarddoK · resign |
[ AI ANALYSIS · 1 CREDIT ]
What really happened in this match?
Wolo.gg analyzes every decision: build order, eco, micro, common mistakes by bracket. Personalized analysis on WhatsApp or Discord in 30 seconds.
Civ guide
Celts
Perfil
Jugador #9769680